 Dungeon Crawl Stone Soup version 0.30-a0-728-gc68057be0a (webtiles) character file.

Game seed: 13528501997285516443

238 jimonade the Slasher (level 6, 0/48 HPs)
             Began as a Formicid Fighter on Jan 31, 2023.
             Slain by an orc
             ... wielding a +0 trident
              (5 damage)
             ... on level 3 of the Dungeon.
             The game lasted 00:04:28 (1872 turns).

jimonade the Slasher (Formicid Fighter)             Turns: 1872, Time: 00:04:29

Health: 0/48       AC:  6    Str: 20    XL:     6   Next: 28%
Magic:  6/6        EV: 10    Int:  8    God:
Gold:   113        SH:  0    Dex: 15    Spells: 5/5 levels left

rFire   . . .      SeeInvis +    a - +1 long sword
rCold   . . .      Faith    .    c - +0 buckler
rNeg    . . .      Spirit   .    e - +1 ring mail {rPois}
rPois   +          Reflect  .    (helmet unavailable)
rElec   .          Harm     .    (no cloak)
rCorr   .          Rampage  .    (no gloves)
Will    .....                    (no boots) Stlth
                                 (no amulet)
HPRegen 0.28/turn                (no ring)
MPRegen 0.10/turn                (no ring)

@: confused
A: permanent stasis, dig shafts and tunnels, antennae 3, four strong arms
a: Dig, Shaft Self


You were on level 3 of the Dungeon.
You visited 1 branch of the dungeon, and saw 3 of its levels.

You collected 113 gold pieces.

Inventory:

Hand Weapons
 a - a +1 long sword (weapon)
 b - a +0 sling
Armour
 c - a +0 buckler (worn)
 e - a +1 ring mail of poison resistance (worn)
 o - a +0 chain mail
 p - a +0 scale mail
Wands
 i - a wand of charming (2)
 k - a wand of flame (16)
 s - a wand of polymorph (10)
Scrolls
 g - 2 scrolls of identify
 h - 2 scrolls of enchant weapon
 q - a scroll of vulnerability {unknown}
Potions
 d - a potion of might
 f - a potion of lignification {unknown}
 j - a potion of ambrosia {unknown}
 l - a potion of attraction {unknown}
 m - 2 potions of degeneration
 n - a potion of heal wounds {unknown}
 r - a potion of invisibility {unknown}


   Skills:
 + Level 3.9 Fighting
 * Level 5.1 Long Blades
 + Level 4.1 Armour
 + Level 4.5 Shields


You had 5 spell levels left.
You didn't know any spells.
Your spell library contained the following spells:

 Spells                   Type           Power      Damage    Failure   Level
 Beastly Appendage        Tmut           0%         N/A       65%         1
 Ensorcelled Hibernation  Hex/Ice        0%         N/A       78%         2
 Passwall                 Tmut/Erth      0%         N/A       78%         2
 Wereblood                Tmut           0%         N/A       78%         2
 Spider Form              Tmut/Pois      0%         N/A       95%         3
 Swiftness                Air            Unusable   N/A       N/A         3

Dungeon Overview and Level Annotations

Branches:
Dungeon (3/15)

Altars:


Innate Abilities, Weirdness & Mutations

You cannot be hasted, slowed, berserked, paralysed or teleported.
You can dig through walls and to a lower floor.
You have a pair of large antennae on your head. (SInv)
Your four strong arms can wield two-handed weapons with a shield.


Message History

The orc wizard casts a spell at you.
You are confused.
The orc wizard closely misses you.
The orc wizard hits you with a +0 dagger.
The orc closely misses you.
You bump into the rock wall.
The orc wizard hits you with a +0 dagger.
The orc wizard hits you but does no damage.
The orc barely misses you.
You miss the orc wizard. The orc wizard closely misses you.
The orc wizard casts a spell at you.
You are more confused.
The orc hits you from afar with a +0 trident.
You bump into the rock wall.
The orc wizard gestures at you while chanting.
The magic dart hits you!
* * * LOW HITPOINT WARNING * * *
The orc wizard hits you with a +0 dagger.
* * * LOW HITPOINT WARNING * * *
The orc hits you but does no damage.
You bump into the rock wall.
The orc wizard barely misses you. x2
The orc hits you from afar with a +0 trident.
* * * LOW HITPOINT WARNING * * *
You hit the orc wizard.
The orc wizard is moderately wounded.
The orc wizard hits you with a +0 dagger.
* * * LOW HITPOINT WARNING * * *
The orc wizard closely misses you.
The orc hits you from afar with a +0 trident.
* * * LOW HITPOINT WARNING * * *
You hit the orc wizard.
The orc wizard is moderately wounded.
The orc wizard closely misses you.
The orc wizard hits you but does no damage.
The orc hits you but does no damage.
You bump into the rock wall.
The orc wizard casts a spell at you. You resist with some effort.
The orc wizard barely misses you.
The orc hits you from afar with a +0 trident.
You die...

.# ### ###.### #..
......# . #.# #.....##..
{ ##.###....... {
.o........# #o##......#
#@##.#.# #o.....#
####.### ... #.# #..
###########.###### #..
#......##.......... #..
#......##.#...####.####..
#......##.#...# ........
#.............# ........


You could see 2 orc wizards and an orc.

Vanquished Creatures
  Sigmund (D:3)
  An adder (D:2)
  2 worms (D:2)
  3 dart slugs
  4 orcs (D:3)
  6 endoplasms
  6 giant cockroaches
  8 goblins
  3 hobgoblins
  5 jackals (D:1)
  2 kobolds
  A quokka (D:1)
  3 ball pythons
  5 bats
  A frilled lizard (D:1)
  5 rats
56 creatures vanquished.

Notes
Turn   | Place    | Note
-------+----------+-------------------------------------------
     0 | D:1      | jimonade the Formicid Fighter began the quest for the Orb.
     0 | D:1      | Reached XP level 1. HP: 18/18 MP: 1/1
   142 | D:1      | Reached XP level 2. HP: 24/24 MP: 2/2
   304 | D:1      | Reached XP level 3. HP: 28/29 MP: 3/3
   440 | D:1      | You fall into a shaft and drop 1 floor!
   504 | D:2      | Reached skill level 3 in Long Blades
   617 | D:2      | Reached XP level 4. HP: 32/35 MP: 4/4
  1479 | D:3      | Noticed Sigmund
  1486 | D:3      | Killed Sigmund
  1487 | D:3      | Reached skill level 4 in Long Blades
  1487 | D:3      | Reached XP level 5. HP: 30/42 MP: 5/5
  1487 | D:3      | Reached XP level 6. HP: 35/48 MP: 6/6
  1488 | D:3      | Reached skill level 5 in Long Blades
  1872 | D:3      | Slain by an orc

Illustrated notes

Levels and vault maps discovered:
D:1:      lightli_arrival_noodles, layout_basic
D:2:      kennysheep_big_flooded_room, layout_loops_ring,
          kennysheep_pointless_box, nrook_mini_vaults
D:3:      layout_loops_cross, uniq_sigmund

Skill      XL: |  1  2  3  4  5  6 |
---------------+-------------------+-----
Long Blades    | 3 4 5 |  5.1
Armour         | 4 |  4.1
Fighting       | |  3.9
Shields        | |  4.5

Action                     |  1- 3 |  4- 6 || total
---------------------------+-------+-------++-------
  Melee: Long sword        |   138 |    80 ||   218
    Use: Scroll            |       |     4 ||     4
 Armour: Ring mail         |    58 |    42 ||   100
  Dodge: Dodged            |    78 |    47 ||   125
  Block: Buckler           |    29 |    26 ||    55

Table legend: (Time is in decaauts)
 A = Elapsed time spent in this place.
 B = Non-inter-level travel time spent in this place.
 C = Inter-level travel time spent in this place.
 D = Time resting spent in this place.
 E = Time spent auto-exploring this place.
 F = Levels seen in this place.
 G = Mean time per level.
                   A        B        C        D        E       F      G
               +--------+--------+--------+--------+--------+-----+--------+
         Total |   1933 |   1841 |     92 |    153 |   1177 |   3 |  644.3 |
       Dungeon |   1933 |   1841 |     92 |    153 |   1177 |   3 |  644.3 |
               +--------+--------+--------+--------+--------+-----+--------+

Top non-repeatable levels by time:
     D:2: 1117 daAuts
     D:1: 469 daAuts
     D:3: 346 daAuts
